 Dungeon Crawl Stone Soup version 0.20.1-1-g8b1a95d (webtiles) character file.

4376 polve the Carver (level 10, -1/102 HPs)
             Began as a Tengu Berserker on Aug 14, 2017.
             Was a High Priest of Trog.
             Slain by a troll (2 damage)
             ... on level 9 of the Dungeon.
             The game lasted 00:08:13 (9095 turns).

polve the Carver (Tengu Berserker)                  Turns: 9095, Time: 00:08:14

Health: -1/102     AC: 25    Str: 21    XL:     10   Next: 35%
Magic:  11/11      EV:  2    Int:  7    God:    Trog [*****.]
Gold:   498        SH:  4    Dex: 17    Spells: 9/9 levels left

rFire    + . .     SeeInvis .   a - +0 falchion
rCold    + . .     Gourm    .   l - +0 buckler
rNeg     + + +     Faith    .   (armour currently unavailable)
rPois    +         Spirit   .   (helmet currently unavailable)
rElec    +         Reflect  .   (cloak currently unavailable)
rCorr    +         Harm     .   (gloves currently unavailable)
MR       +....     NoTele   +   (boots unavailable)
Stlth    ++........             (no amulet)
Regen    0.3/turn               o - +3 ring of strength
MPRegen  0.2/turn               w - ring of resist corrosion

@: tree-form (expiring), resistant, berserk cooldown, hasted, very quick
A: magic resistance 1, able to fly 1
a: Fly, Berserk, Trog's Hand, Brothers in Arms, Burn Spellbooks, Renounce
Religion


You were on level 9 of the Dungeon.
You worshipped Trog.
Trog was extremely pleased with you.
You were hungry.
You were a tree.
You visited 1 branch of the dungeon, and saw 9 of its levels.

You collected 498 gold pieces.

Inventory:

Hand Weapons
 a - a +0 falchion (weapon)
Armour
 l - a +0 buckler (worn)
 r - a +0 cloak (melded)
 s - a +0 scale mail (melded)
Jewellery
 o - a +3 ring of strength (left branch)
 w - a ring of resist corrosion (right branch)
 H - a cursed amulet of inaccuracy {unknown}
Wands
 u - a wand of paralysis (9/24)
 v - a wand of scattershot (1/9)
 y - a wand of acid (5/15)
 B - a wand of lightning (8/15)
Scrolls
 b - 2 scrolls of recharging {unknown}
 d - 2 scrolls of immolation {unknown}
 g - a scroll of blinking {unknown}
 i - 8 scrolls of remove curse
 j - a scroll of teleportation {unknown}
 n - 2 scrolls of amnesia {unknown}
 p - 2 scrolls of random uselessness {unknown}
 q - 6 scrolls of identify {unknown}
 t - 3 scrolls of enchant weapon {unknown}
 z - 2 scrolls of enchant armour {unknown}
 A - a scroll of magic mapping {unknown}
 E - a scroll of fear {unknown}
Potions
 e - 3 potions of curing
 h - 2 potions of brilliance
 x - a potion of resistance
 C - a potion of mutation
 G - 2 potions of lignification
Comestibles
 c - 6 bread rations
 f - 8 fruits
 k - a royal jelly
 m - 4 meat rations
 D - a chunk of flesh


   Skills:
 - Level 10.0 Fighting
 + Level 11.6 Long Blades
 - Level 2.1 Armour
 + Level 5.4 Dodging


You had 9 spell levels left.
You didn't know any spells.

Dungeon Overview and Level Annotations

Branches:
Dungeon (9/15)             Temple (0/1) D:6
   Lair: D:8-11         Orc: D:9-12

Altars:
Makhleb


Innate Abilities, Weirdness & Mutations

((You have a beak for a mouth.))
((You have claws for feet.))
You can fly.
((You are partially covered in yellow scales. (AC +2)))
((Your flesh is heat resistant. (rF+)))
You are resistant to hostile enchantments. (MR+)


Message History

* * * LOW HITPOINT WARNING * * *
The troll claws you.
* * * LOW HITPOINT WARNING * * *
You're still recovering from your berserk rage.
It was a potion of haste.
You feel yourself speed up.
You are feeling hungry.
The troll bites you but does no damage. The troll claws you!
* * * LOW HITPOINT WARNING * * *
The troll claws you.
* * * LOW HITPOINT WARNING * * *
You hit the troll but do no damage.
The troll is moderately wounded.
You slash the troll!
The troll is heavily wounded.
The troll bites you.
* * * LOW HITPOINT WARNING * * *
The troll claws you.
* * * LOW HITPOINT WARNING * * *
The troll claws you.
You die...

#.# #}. ##. ##) ##+####### #..
#........# ##+##########..
#........# #.......#.#.'..
#........# #####.#####.#.#.#..
#........###T♣.'.....#.#.#.#..
#........'...###.###.#.#.'.#..
#........##### #... #.>.#####
######'## ####+ ##### # #..# #
#)## # #T# # #.........# ##
+.........# #.


You could see a troll.

Vanquished Creatures
  Erolcha (D:9)
  Pikel (D:8)
  Joseph (D:7)
  A hippogriff (D:8)
  2 orc warriors
  A sky beast (D:5)
  A slave (D:8)
  A phantom (D:6)
  An ice beast (D:5)
  3 ogres
  The ghost of polve the Skirmisher, an amateur DsAK of Lugonu (D:3)
  A centaur (D:7)
  5 bullfrogs
  A big kobold (D:8)
  A water moccasin zombie (D:6)
  A water moccasin skeleton (D:8)
  3 wights (D:6)
  4 crimson imps
  A centaur zombie (D:5)
  3 orc priests
  2 hounds
  A jelly (D:7)
  2 bullfrog skeletons (D:8)
  Crazy Yiuf (D:5)
  An iguana (D:6)
  8 orc wizards
  4 worker ants
  3 hound skeletons
  A howler monkey zombie (D:6)
  Robin (D:3)
  A worker ant zombie (D:7)
  13 adders
  2 shadow imps
  3 oozes
  An adder zombie (D:6)
  An adder skeleton (D:6)
  9 worms
  2 dart slugs (D:1)
  3 leopard geckos
  35 orcs
  6 bats
  7 giant cockroaches
  8 hobgoblins
  6 jackals
  14 kobolds
  5 quokkas
  3 ball pythons
  3 frilled lizards
  16 goblins
  A leopard gecko zombie (D:4)
  5 rats
202 creatures vanquished.

Vanquished Creatures (others)
  A slave (D:8)
1 creature vanquished.

Grand Total: 203 creatures vanquished

Notes
Turn   | Place    | Note
-------+----------+-------------------------------------------
     0 | D:1      | polve the Tengu Berserker began the quest for the Orb.
     0 | D:1      | Reached XP level 1. HP: 14/14 MP: 2/2
   294 | D:1      | Reached XP level 2. HP: 17/19 MP: 3/3
   546 | D:1      | Reached skill level 4 in Long Blades
   546 | D:1      | Reached XP level 3. HP: 20/23 MP: 4/4
   955 | D:2      | Reached ** piety under Trog
  1101 | D:2      | Reached XP level 4. HP: 22/29 MP: 5/5
  1472 | D:2      | Gained mutation: Your flesh is heat resistant. (rF+) [potion of mutation]
  1472 | D:2      | Gained mutation: You are resistant to hostile enchantments. (MR+) [potion of mutation]
  1472 | D:2      | Gained mutation: You are partially covered in yellow scales. (AC +2) [potion of mutation]
  1715 | D:2      | Found a burning altar of Makhleb.
  2193 | D:3      | Gained mutation: You can fly. [Tengu growth]
  2193 | D:3      | Reached XP level 5. HP: 32/34 MP: 6/6
  2306 | D:3      | Reached skill level 5 in Long Blades
  2711 | D:3      | Noticed polve's ghost (amateur DsAK)
  2716 | D:3      | Killed polve's ghost
  2746 | D:3      | Noticed Robin
  2750 | D:3      | Reached skill level 5 in Fighting
  2756 | D:3      | Reached XP level 6. HP: 40/40 MP: 7/7
  2767 | D:3      | Killed Robin
  3000 | D:4      | Reached *** piety under Trog
  3410 | D:4      | Reached skill level 6 in Long Blades
  4084 | D:5      | Entered Level 5 of the Dungeon
  4102 | D:5      | Noticed a sky beast
  4124 | D:5      | Killed a sky beast
  4124 | D:5      | Reached XP level 7. HP: 46/46 MP: 8/8
  4511 | D:5      | Reached skill level 7 in Long Blades
  4721 | D:5      | Reached XP level 8. HP: 35/52 MP: 9/9
  4995 | D:5      | Found a runed door.
  5234 | D:5      | Noticed Crazy Yiuf
  5238 | D:5      | Killed Crazy Yiuf
  5375 | D:6      | Reached **** piety under Trog
  5379 | D:6      | Reached skill level 8 in Long Blades
  6158 | D:6      | Found a staircase to the Ecumenical Temple.
  6347 | D:6      | Reached skill level 9 in Long Blades
  6629 | D:6      | Reached XP level 9. HP: 44/60 MP: 10/10
  6837 | D:7      | Noticed Joseph
  6856 | D:7      | Killed Joseph
  7224 | D:7      | Reached skill level 10 in Long Blades
  7975 | D:8      | Reached ***** piety under Trog
  8473 | D:8      | Reached skill level 10 in Fighting
  8572 | D:8      | Noticed Pikel
  8585 | D:8      | Killed Pikel
  8585 | D:8      | Reached skill level 11 in Long Blades
  8585 | D:8      | Reached XP level 10. HP: 50/68 MP: 11/11
  9034 | D:9      | Noticed Erolcha
  9048 | D:9      | Killed Erolcha
  9048 | D:9      | Reached skill level 5 in Dodging
  9049 | D:9      | Received a gift from Trog
  9095 | D:9      | HP: 4/102 [troll (3)]
  9095 | D:9      | HP: 1/102 [troll (3)]
  9095 | D:9      | Slain by a troll

Skill      XL: |  1  2  3  4  5  6  7  8  9 10 |
---------------+-------------------------------+-----
Long Blades    | 4 5 6 7 9 11 | 11.6
Fighting       | 4 5 6 8 10 | 10.0
Dodging        | 4 5 |  5.4
Armour         | |  2.1

Action                   |  1- 3 |  4- 6 |  7- 9 | 10-12 || total
-------------------------+-------+-------+-------+-------++-------
Melee: Falchion          |    55 |   144 |   323 |    53 ||   575
       Kick              |    14 |    54 |   166 |    13 ||   247
       Peck              |    12 |    23 |    86 |     4 ||   125
Invok: Berserk           |     2 |     4 |     6 |     1 ||    13
  Use: Potion            |     2 |     6 |       |     3 ||    11
       Scroll            |       |     2 |       |       ||     2
 Stab: Sleeping          |     1 |     1 |       |       ||     2
  Eat: Chunk             |     3 |    12 |    21 |     2 ||    38
Armor: Animal skin       |    13 |    12 |       |       ||    25
       Ring mail         |       |    27 |    24 |       ||    51
       Scale mail        |       |       |    96 |     8 ||   104
       Skin              |       |       |       |    55 ||    55
Dodge: Dodged            |    30 |    72 |   131 |    16 ||   249
Block: Buckler           |       |    12 |    35 |    11 ||    58
       Rpst.: Falchion   |     9 |    18 |    44 |     3 ||    74
